 Dungeon Crawl Stone Soup version 0.19-a0-1861-g35def1e (webtiles) character file.

459 kae the Slasher (level 6, 0/43 HPs)
             Began as a High Elf Gladiator on Oct 12, 2016.
             Was an Initiate of Dithmenos.
             Slain by an orc wizard
             ... wielding a +1 spear of piercing
              (2 damage)
             ... on level 4 of the Dungeon.
             The game lasted 00:05:51 (5956 turns).

kae the Slasher (High Elf Gladiator)                Turns: 5956, Time: 00:05:52

Health: 0/43       AC:  6    Str: 14    XL:     6   Next: 78%
Magic:  7/7        EV: 15    Int: 13    God:    Dithmenos [......]
Gold:   174        SH:  0    Dex: 17    Spells: 0 memorised, 5 levels left

rFire  . . .     SeeInvis .     a - +1 long sword
rCold  . . .     Gourm    .     b - +0 leather armour
rNeg   . . .     Faith    .     (no shield)
rPois  .         Spirit   .     c - +0 helmet
rElec  .         Dismiss  .     s - +0 cloak
rCorr  .         Reflect  .     q - +0 pair of gloves
MR     .....     Harm     .     (no boots)
Stlth  +.........               (no amulet)
                                (no ring)
                                r - ring of flight

@: no status effects
A: no striking features
a: Renounce Religion, Evoke Flight


You were on level 4 of the Dungeon.
You worshipped Dithmenos.
Dithmenos was noncommittal.
You were not hungry.

You visited 2 branches of the dungeon, and saw 5 of its levels.

You collected 237 gold pieces.
You spent 63 gold pieces at shops.

Inventory:

Hand Weapons
 a - a +1 long sword (weapon)
 v - a +0 great sword
Missiles
 d - 2 throwing nets (quivered)
Armour
 b - a +0 leather armour (worn)
 c - a +0 helmet (worn)
 q - a +0 pair of gloves (worn)
 s - a +0 cloak (worn)
Jewellery
 m - a +3 ring of strength {unknown}
 r - a ring of flight (left hand)
Wands
 j - a wand of flame (26/48)
Scrolls
 e - a scroll of remove curse
 g - a scroll of fog
 i - 2 scrolls of amnesia
 o - 3 scrolls of identify
 p - 2 scrolls of teleportation
Potions
 h - a potion of degeneration {unknown}
 n - 2 potions of curing
 t - a potion of might {unknown}
 u - 4 potions of flight {unknown}
Comestibles
 f - 4 bread rations
 k - a slice of pizza
 l - 2 chunks of flesh


   Skills:
 + Level 4.1 Fighting
 * Level 6.9 Long Blades
 - Level 2.0 Throwing
 + Level 5.1 Dodging


You had 5 spell levels left.
You didn't know any spells.

Dungeon Overview and Level Annotations

Branches:
Dungeon (4/15)             Temple (1/1) D:4

Altars:
Cheibriados
Dithmenos
Elyvilon
Fedhas
Gozag
Kikubaaqudgha
Makhleb
Nemelex Xobeh
Okawaru
Qazlal
Ru
Sif Muna
Trog
Uskayaw
Vehumet
Xom
Yredelemnul
Zin
The Shining One

Shops:
D:4 [


Message History

The orc wizard gestures wildly while chanting.
The orc wizard seems to speed up.
The orc priest shouts!
The orc wizard mumbles some strange words.
The orc priest calls down the wrath of Beogh upon you.
Beogh smites you! The orc wizard closely misses you.
Found a stone staircase leading down.
The orc priest calls down the wrath of Beogh upon you.
Beogh smites you!
The orc wizard gestures at you while chanting.
The puff of frost hits you! The orc wizard closely misses you.
The orc wizard casts a spell at you. The magic dart hits you!
* * * LOW HITPOINT WARNING * * *
There is a stone staircase leading up here.
The orc wizard hits you from afar with a spear of piercing.
* * * LOW HITPOINT WARNING * * *
You die...

#.# #.# #.# #.#
################.###.##
......................
######.##.#.###........##.
..#.......#'#.# #.######.##.
...............# #.# #.##.
...(..)........###.# #.##.
.......o..o.@......######.##.
.......<.........†..)..(...††
..............##########..##.
>......................)....#
###...........##########.##.'
#...........# #.####
#...........# #######..###
#........... ............
########## #####.....##


You could see an orc priest and an orc wizard.

Vanquished Creatures
  An ogre (D:4)
  2 orc priests
  A hound (D:4)
  An orc wizard (D:4)
  Jessica (D:3)
  2 worker ants (D:4)
  A hound skeleton (D:4)
  A gnoll (D:1)
  A howler monkey skeleton (D:4)
  3 adders
  2 oozes (D:1)
  2 dart slugs
  A leopard gecko (D:4)
  20 orcs
  3 giant cockroaches
  13 goblins
  7 hobgoblins
  6 jackals
  2 quokkas (D:4)
  2 ball pythons (D:3)
  8 bats
  2 frilled lizards
  9 kobolds
  6 rats
97 creatures vanquished.

Notes
Turn   | Place    | Note
-------+----------+-------------------------------------------
     0 | D:1      | kae the High Elf Gladiator began the quest for the Orb.
     0 | D:1      | Reached XP level 1. HP: 14/14 MP: 2/2
   156 | D:1      | Reached XP level 2. HP: 4/19 MP: 3/3
   510 | D:1      | Reached skill level 4 in Long Blades
  1053 | D:1      | Reached XP level 3. HP: 21/25 MP: 4/4
  2674 | D:3      | Reached XP level 4. HP: 17/30 MP: 5/5
  3156 | D:3      | Reached skill level 5 in Long Blades
  3791 | D:3      | Reached XP level 5. HP: 33/36 MP: 6/6
  4344 | D:3      | Noticed Jessica
  4346 | D:3      | Killed Jessica
  4454 | D:4      | Found a staircase to the Ecumenical Temple.
  4476 | Temple   | Entered the Ecumenical Temple
  4582 | Temple   | Became a worshipper of Dithmenos the Shadowed
  4765 | D:4      | Found an ancient bone altar of Kikubaaqudgha.
  5044 | D:4      | Reached skill level 6 in Long Blades
  5045 | D:4      | Found Gaitry Tank's Armour Shop.
  5174 | D:4      | Bought a +0 pair of gloves for 63 gold pieces
  5228 | D:4      | Reached XP level 6. HP: 39/43 MP: 7/7
  5274 | D:4      | HP: 1/43 [ogre/giant club (17)]
  5719 | D:4      | Reached skill level 5 in Dodging
  5956 | D:4      | HP: 2/43 [orc wizard/spear of piercing (5)]
  5956 | D:4      | Slain by an orc wizard

Vault maps used:
D:1:      lemuel_arrival_muddy
D:3:      uniq_jessica
D:4:      kennysheep_mini, serial_curves, eino_curves_02, eino_curves_02,
          eino_curves_02, eino_curves_04, first_bread, serial_shops,
          nicolae_shop_waterfront
Temple:   dpeg_five_rooms_temple

Skill      XL: |  1  2  3  4  5  6 |
---------------+-------------------+-----
Long Blades    | 4 5 6 |  6.9
Dodging        | 4 5 |  5.1
Fighting       | 3 4 |  4.1
Throwing       | |  2.0

Action                   |  1- 3 |  4- 6 || total
-------------------------+-------+-------++-------
Melee: Long sword        |   135 |   185 ||   320
Throw: Throwing net      |     2 |       ||     2
  Use: Potion            |       |     1 ||     1
       Scroll            |       |     9 ||     9
  Eat: Chunk             |     4 |    11 ||    15
       Pizza             |       |     1 ||     1
Armor: Leather armour    |    41 |    33 ||    74
Dodge: Dodged            |   106 |   116 ||   222
       Rpst.: Long sword |    22 |    35 ||    57
